 Dungeon Crawl Stone Soup version 0.30.0-10-gfe55d96785 (webtiles) character file.

Game seed: 6485486429523259893

35032 Esekla the Fighter (level 13, -2/112 HPs)
             Began as a Vine Stalker Necromancer on May 14, 2023.
             Was a Priest of Sif Muna.
             Slain by a minotaur
             ... wielding the +7 demon trident of Bread {vamp, *Slow rF+ SInv Stlth+}
              (4 damage)
             ... in a Gauntlet.
             The game lasted 01:42:28 (14268 turns).

Esekla the Fighter (Vine Stalker Necromancer)      Turns: 14268, Time: 01:42:28

Health: -2/112     AC: 26    Str: 14    XL:     13   Next: 81%
Magic:  0/27       EV:  2    Int: 25    God:    Sif Muna [***...]
Gold:   261        SH:  0    Dex: 19    Spells: 14/30 levels left

rFire   + . .        e - +1 dagger (elec)
rCold   + . .        (no shield)
rNeg    . . .        a - melded +0 robe
rPois   +            Q - melded +2 helmet
rElec   +            I - melded +1 cloak
rCorr   +            q - melded +2 pair of gloves
SInv    .            b - melded +2 pair of boots
Will    +....        j - amulet "Mijao" {Faith Str+3 Dex+3}
Stlth   ++++         y - +4 ring of slaying
HPRegen 1.18/turn    K - +6 ring of intelligence
MPRegen 0.20/turn

%: no teleportation, guardian spirit, faith
@: mighty, tree-form, resistant, attractive, hasted, invisible, very quick
A: stationary, stasis, torment immunity, boosted hp, (fangs 3), regeneration 1,
magic shield, (antimagic bite), no potion heal 2
a: Renounce Religion, Channel Magic, Forget Spell


You were in a Gauntlet.
You worshipped Sif Muna.
Sif Muna was most pleased with you.
You were a tree.
You visited 3 branches of the dungeon, and saw 12 of its levels.
You also visited: Ossuary, Bailey and Gauntlet.

You collected 500 gold pieces.
You spent 239 gold pieces at shops.

Inventory:

Hand Weapons
 e - a +1 dagger of electrocution (weapon)
 r - a +1 spear of venom
 v - a +0 dagger of venom
 L - a +0 dagger of holy wrath
Missiles
 o - 2 silver boomerangs
 z - 4 boomerangs
 G - a throwing net
 M - 6 poisoned darts (quivered)
 O - 2 curare-tipped darts
Armour
 a - a +0 robe (melded)
 b - a +2 pair of boots (melded)
 q - a +2 pair of gloves (melded)
 I - a +1 cloak (melded)
 Q - a +2 helmet (melded)
Jewellery
 j - the amulet "Mijao" (around neck) {Faith Str+3 Dex+3}
   (You took it off a gnoll bouda on level 5 of the Dungeon)

   [amulet of faith]

   It allows you to gain divine favour quickly.
   Str:       It affects your strength (+3).
   Dex:       It affects your dexterity (+3).
 y - a +4 ring of slaying (left branch)
 C - a +6 ring of dexterity
 F - a ring of positive energy
 K - a +6 ring of intelligence (right branch)
 P - a +5 ring of evasion
Wands
 d - a wand of quicksilver (7)
 B - a wand of flame (16)
 E - a wand of iceblast (20)
 J - a wand of mindburst (9)
Scrolls
 f - 3 scrolls of teleportation
 k - a scroll of magic mapping {unknown}
 m - 4 scrolls of enchant armour
 u - a scroll of fear
 D - 3 scrolls of enchant weapon
 N - a scroll of amnesia {unknown}
Potions
 c - 4 potions of curing
 h - 2 potions of mutation
 i - 2 potions of attraction
 l - 2 potions of cancellation
 p - 2 potions of lignification
 t - 5 potions of might
 x - 2 potions of heal wounds
 A - 2 potions of flight


   Skills:
 * Level 12.2 Fighting
 + Level 5.6 Short Blades
 + Level 0.4 Polearms
 + Level 1.8 Throwing
 + Level 5.9 Dodging
 - Level 9.1 Stealth
 * Level 9.2 Spellcasting
 * Level 4.6 Conjurations
 * Level 8.3 Necromancy
 + Level 3.8 Translocations
 * Level 4.3 Transmutations
 + Level 5.3 Fire Magic
 + Level 6.1 Ice Magic
 + Level 0.6 Evocations


You had 14 spell levels left.
You knew the following spells:

 Your Spells              Type           Power      Damage    Failure   Level
a - Necrotise             Necr           100%       1d9       1%          1
b - Blink                 Tloc           60%        N/A       1%          2
d - Vampiric Draining     Necr           52%        2d9       1%          3
i - Irradiate             Conj/Tmut      17%        3d17      24%         5
o - Scorch                Fire           76%        2d8       1%          2
r - Frozen Ramparts       Ice            84%        1d13      1%          3

Your spell library contained the following spells:

 Spells                   Type           Power      Damage    Failure   Level
 Freeze                   Ice            100%       1d10      1%          1
 Lesser Beckoning         Tloc           60%        N/A       1%          2
 Momentum Strike          Conj/Tloc      64%        3d9       1%          2
 Sublimation of Blood     Necr           52%        N/A       1%          2
 Hailstorm                Conj/Ice       38%        3d9       1%          3
 Animate Dead             Necr           52%        N/A       1%          4
 Ensorcelled Hibernation  Hex/Ice        52%        N/A       2%          2
 Passwall                 Tmut/Erth      18%        N/A       3%          2
 Agony                    Necr           52%        N/A       4%          5
 Slow                     Hex            44%        N/A       5%          1
 Inner Flame              Hex/Fire       24%        N/A       5%          3
 Flame Wave               Conj/Fire      36%        2d10      7%          4
 Confusing Touch          Hex            11%        N/A       16%         3
 Swiftness                Air            11%        N/A       16%         3
 Petrify                  Tmut/Erth      22%        N/A       22%         4
 Borgnjor's Vile Clutch   Necr/Erth      16%        N/A       26%         5
 Alistair's Intoxication  Tmut/Pois      14%        N/A       52%         5
 Yara's Violent Unravell  Hex/Tmut       11%        3d6       52%         5
 Eringya's Noxious Bog    Tmut/Pois      11%        N/A       98%         6
 Summon Cactus Giant      Summ           5%         N/A       100%        6
 Enfeeble                 Hex            5%         N/A       100%        7


Dungeon Overview and Level Annotations

Branches:
Dungeon (9/15)             Temple (1/1) D:7            Lair (2/5) D:9
  Swamp (0/4) Lair:2      Ossuary (visited)          Bailey (visited)
Gauntlet (1/1)
  Snake: Lair:2-3    Spider: Lair:2-3       Orc: D:9-12

Altars:
Ashenzari
Cheibriados
Dithmenos
Elyvilon
Fedhas
Gozag
Hepliaklqana
Kikubaaqudgha
Makhleb
Okawaru
Qazlal
Ru
Sif Muna
Trog
Uskayaw
Xom
Yredelemnul
Zin
The Shining One

Shops:
D:5 =?=   D:9 [

Annotations:
D:2 gnolls
D:4 Pikel
D:5 Dowan, Duvessa, Edmund
D:7 3 runed translucent doors, FrenchFrogFromFrance's ghost, novice HOMo Gauntlet 5 transporters, 1 runed translucent door


Innate Abilities, Weirdness & Mutations

You are a tree.
Your roots penetrate the ground, keeping you stationary.
You cannot be teleported.
You are immune to unholy pain and torment.
Your maximum health is greatly increased.
Your equipment is partially melded.
((You have razor-sharp teeth.))
Your natural rate of healing is unusually fast.
When hurt, damage is shared between your health and your magic reserves.
((Your bite disrupts and absorbs the magic of your enemies.))
Potions cannot restore your health.


Message History

The minotaur is attracted toward you.
Okay, then.
You hit the minotaur but do no damage.
The minotaur is lightly wounded.
The minotaur hits you with the +7 demon trident of Bread {vamp, *Slow rF+ SInv Stlth+}!
* * * LOW HITPOINT WARNING * * *
The minotaur draws strength from your wounds!
The minotaur gores you but does no damage.
Okay, then.
Press: ? - help, v - describe, . - travel
Here: a minotaur, wielding the +7 demon trident of Bread {vamp, *Slow rF+ SInv Stlth+}, wearing the +1 plate armour "Zokemut" {Dex+4} and quivering javelins The floor.
As you read the scroll labelled QABLEFAEHU, it crumbles to dust.
You assume a fearsome visage.
The minotaur looks frightened!
It was a scroll of fear.
The minotaur is attracted toward you.
It was a potion of invisibility.
You fade into invisibility!
The minotaur is attracted toward you.
Unknown command.
It was a potion of haste.
You feel yourself speed up. The minotaur is attracted toward you.
Okay, then.
You fail to use your ability.
Unknown command.
You fail to use your ability.
The minotaur is attracted toward you.
You fail to use your ability.
It was a potion of resistance.
You feel protected.
The minotaur seems to regain its courage.
The minotaur hits you with the +7 demon trident of Bread {vamp, *Slow rF+ SInv Stlth+}!
* * * LOW HITPOINT WARNING * * *
The minotaur gores you but does no damage.
You feel more experienced!
You have finished your manual of Fighting and toss it away.
Your Fighting skill gained 5 levels and is now at level 12!
You have reached level 13!
The minotaur hits you with the +7 demon trident of Bread {vamp, *Slow rF+ SInv Stlth+}.
* * * LOW HITPOINT WARNING * * *
The minotaur gores you.
You die...

##.##....##.##.©.#...#
#.######....##.8.#.8.#
###∩...'.##....©.#.∩.#
########H##.##.8.#.8.#
#..##.##....##.©.#...#
##....##.##....8.#...#
##.##....##.##.©.#.8.#
#..##.##....##.8.#.⌠.#
##...♣##.##......#.8.#
####.H..##.##...#...#
##########≈≈≈#...#
##≈###..# ### ##.#
##≈.# #≈≈.# ##≈.# ##.#


You could see a minotaur.

Vanquished Creatures
  Gastronok (Lair:2)
  A hydra (Lair:2)
  A hell hog (Gauntlet)
  4 two-headed ogres (D:9)
  A wizard (Gauntlet)
  A deep elf zephyrmancer (D:9)
  An orc knight (Bailey)
  A torpor snail (Gauntlet)
  A black mamba (Lair:1)
  3 cane toads (Lair:1)
  Maggie (D:6)
  4 trolls
  A polar bear (Lair:1)
  Prince Ribbit (D:7)
  A hornet (D:9)
  Sigmund (D:3)
  4 wyverns
  3 fire bats (Gauntlet)
  A human (D:8)
  31 yaks
  A neqoxec (Gauntlet)
  2 chaos spawn (Gauntlet)
  2 spectral cane toads (Lair:2)
  An acid dragon (D:9)
  2 hell hounds (Gauntlet)
  3 water moccasins
  A black bear (D:6)
  11 orc warriors
  An ice beast (D:7)
  2 ogres
  A centaur (D:9)
  A wolf (D:9)
  A phantom (D:4)
  4 kobold brigands (D:9)
  A spectral basilisk (Lair:2)
  4 bullfrogs
  A scorpion (D:6)
  A spectral wolf (Lair:2)
  4 killer bees (D:5)
  A howler monkey (D:6)
  3 electric eels (D:9)
  6 centaur zombies (Ossuary)
  4 jellies
  9 orc priests
  4 gnoll boudas
  8 hounds
  A human zombie (D:6)
  11 orc wizards
  A sleepcap (D:5)
  2 iguanas (D:4)
  A centaur simulacrum (D:9)
  6 mummies (Ossuary)
  31 gnolls
  4 adders
  3 shadow imps
  4 white imps
  3 ufetubi
  A dart slug (D:3)
  55 orcs
  7 bats
  6 endoplasms
  11 goblins
  3 hobgoblins
  9 jackals
  2 quokkas
  10 ball pythons
  4 frilled lizards
  4 hobgoblin zombies (Ossuary)
  5 kobolds
  12 rats
338 creatures vanquished.

Vanquished Creatures (others)
  A wizard (D:5)
1 creature vanquished.

Grand Total: 339 creatures vanquished

Notes
Turn   | Place    | Note
-------+----------+-------------------------------------------
     0 | D:1      | Esekla the Vine Stalker Necromancer began the quest for the
                  | Orb.
     0 | D:1      | Reached XP level 1. HP: 9/9 MP: 4/4
   222 | D:1      | Reached XP level 2. HP: 13/13 MP: 6/6
   539 | D:1      | Reached XP level 3. HP: 16/16 MP: 7/7
   543 | D:1      | Learned a level 3 spell: Vampiric Draining
   825 | D:1      | Found a faded altar of an unknown god.
  1005 | D:2      | Found a shimmering altar of Xom.
  1432 | D:3      | Gained mutation: Your natural rate of healing is unusually
                  | fast. [Vine Stalker growth]
  1432 | D:3      | Reached XP level 4. HP: 21/21 MP: 8/8
  1466 | D:3      | Noticed Sigmund
  1550 | D:3      | Learned a level 2 spell: Blink
  1898 | D:3      | Reached skill level 1 in Fighting
  2117 | D:3      | Found a white marble altar of Elyvilon.
  2170 | D:3      | Killed Sigmund
  2171 | D:3      | Reached skill level 1 in Translocations
  2171 | D:3      | Reached XP level 5. HP: 24/26 MP: 0/10
  2171 | D:3      | Reached XP level 6. HP: 28/30 MP: 0/11
  2311 | D:3      | Reached skill level 1 in Short Blades
  2418 | D:3      | HP: 1/30 [gnoll/+0 halberd (10)]
  2697 | D:3      | Learned a level 2 spell: Scorch
  2959 | D:2      | Reached skill level 2 in Fighting
  3243 | D:4      | Learned a level 3 spell: Frozen Ramparts
  3769 | D:4      | Reached skill level 5 in Necromancy
  4134 | D:4      | Noticed Pikel
  4368 | D:4      | Reached XP level 7. HP: 30/35 MP: 8/12
  4755 | D:5      | Entered Level 5 of the Dungeon
  4755 | D:5      | Noticed Edmund
  4977 | D:5      | Noticed a troll
  5449 | D:5      | Found Xept's Jewellery Boutique.
  5456 | D:5      | Reached skill level 5 in Stealth
  5592 | D:4      | Reached skill level 1 in Fire Magic
  5759 | D:5      | Gained mutation: You have razor-sharp teeth. [Vine Stalker
                  | growth]
  5759 | D:5      | Reached XP level 8. HP: 39/39 MP: 14/14
  5773 | D:5      | Reached skill level 1 in Ice Magic
  5870 | D:5      | Identified the amulet "Mijao" {Faith Str+3 Dex+3}
  5912 | D:5      | Killed a troll
  5913 | D:5      | Reached skill level 3 in Fighting
  5974 | D:5      | Noticed Dowan
  5997 | D:5      | Found a bloodstained altar of Trog.
  6048 | D:5      | Noticed a wizard
  6052 | D:5      | Killed a wizard
  6096 | D:5      | Noticed Duvessa
  6246 | D:5      | Found Uxzoss's Jewellery Boutique.
  6502 | D:5      | Found Vufidan's Magic Scroll Boutique.
  6505 | D:5      | Bought a scroll of identify for 22 gold pieces
  6658 | D:6      | Found a sand-covered staircase.
  6861 | D:6      | Noticed Maggie
  7046 | D:6      | Reached XP level 9. HP: 16/44 MP: 4/16
  7050 | D:6      | Killed Maggie
  7073 | Ossuary  | Entered an ossuary
  7407 | D:6      | Found a runed translucent door.
  7870 | D:7      | Found a runed translucent gate.
  7870 | D:7      | Found a runed translucent gate.
  7870 | D:7      | Found a runed translucent gate.
  7871 | D:7      | Noticed a spectral unseen horror
  8235 | D:7      | Noticed Prince Ribbit
  8247 | D:7      | Killed Prince Ribbit
  8331 | D:8      | Reached skill level 5 in Spellcasting
  8371 | D:8      | Found a flagged portal.
  8436 | D:8      | Found a runed translucent door.
  8445 | D:8      | Found a basalt altar of Yredelemnul.
  8618 | Bailey   | Entered a bailey
  8648 | Bailey   | Reached XP level 10. HP: 49/49 MP: 13/18
  8785 | Bailey   | Reached skill level 4 in Fighting
  8979 | Bailey   | Noticed an orc knight
  8992 | Bailey   | Killed an orc knight
  9368 | D:7      | Found a staircase to the Ecumenical Temple.
  9381 | Temple   | Entered the Ecumenical Temple
  9965 | D:7      | Noticed a spectral unseen horror
  9965 | D:7      | Noticed FrenchFrogFromFrance's ghost (novice HOMo)
 10009 | Temple   | Became a worshipper of Sif Muna the Loreminder
 10228 | D:9      | Noticed a two-headed ogre
 10241 | D:8      | Reached skill level 5 in Dodging
 10241 | D:8      | Reached skill level 1 in Conjurations
 10374 | D:9      | Noticed a two-headed ogre
 10423 | D:8      | Reached skill level 1 in Transmutations
 10501 | D:9      | Noticed a two-headed ogre
 10514 | D:9      | Found Colan's Antique Armour Shop.
 10675 | D:9      | Killed a two-headed ogre
 10676 | D:9      | Reached skill level 5 in Fighting
 10676 | D:9      | Reached XP level 11. HP: 46/55 MP: 8/21
 10934 | D:9      | Killed a two-headed ogre
 10948 | D:9      | Noticed an eight-headed hydra
 11081 | D:9      | Found a staircase to the Lair.
 11238 | D:9      | Killed a two-headed ogre
 11386 | D:9      | Reached * piety under Sif Muna
 11387 | D:9      | Reached skill level 6 in Fighting
 11441 | D:9      | Noticed a deep elf zephyrmancer
 11450 | D:9      | Killed a deep elf zephyrmancer
 11451 | D:9      | Reached skill level 1 in Throwing
 11472 | D:9      | Noticed a two-headed ogre
 11512 | D:9      | Killed a two-headed ogre
 11614 | D:9      | Bought a glowing helmet for 217 gold pieces
 11928 | Lair:1   | Entered Level 1 of the Lair of Beasts
 11935 | Lair:1   | Reached skill level 5 in Short Blades
 11935 | Lair:1   | Reached skill level 5 in Fire Magic
 11935 | Lair:1   | Reached skill level 5 in Ice Magic
 12282 | Lair:1   | Reached ** piety under Sif Muna
 12291 | Lair:1   | Reached XP level 12. HP: 62/62 MP: 24/24
 12976 | Lair:1   | Learned a level 5 spell: Irradiate
 13318 | Lair:2   | Found a staircase to the Swamp.
 13318 | Lair:2   | Noticed a ghost crab
 13334 | Lair:2   | Noticed a six-headed hydra
 13351 | Lair:2   | Killed a six-headed hydra
 13352 | Lair:2   | Reached skill level 7 in Fighting
 13481 | Lair:2   | Noticed Gastronok
 13503 | Lair:2   | Killed Gastronok
 13558 | Lair:2   | Found a gate leading to a gauntlet.
 13567 | Gauntlet | Entered a Gauntlet
 13567 | Gauntlet | Found a transporter.
 13575 | Gauntlet | Found a transporter.
 13579 | Gauntlet | Found a transporter.
 13584 | Gauntlet | Found a transporter.
 13590 | Gauntlet | Found a transporter.
 13594 | Gauntlet | Found a transporter.
 13602 | Gauntlet | Found a transporter.
 13606 | Gauntlet | Found a transporter.
 13611 | Gauntlet | Found a transporter.
 13621 | Gauntlet | Found a transporter.
 13625 | Gauntlet | Found a transporter.
 13626 | Gauntlet | Found a transporter.
 13626 | Gauntlet | Noticed a hell hog
 13636 | Gauntlet | Found a transporter.
 13641 | Gauntlet | Found a runed translucent door.
 13677 | Gauntlet | Found a transporter.
 13953 | Gauntlet | Reached *** piety under Sif Muna
 14063 | Gauntlet | Killed a hell hog
 14243 | Gauntlet | Identified the +7 demon trident of Bread {vamp, *Slow rF+
                  | SInv Stlth+}
 14243 | Gauntlet | Identified the +1 plate armour "Zokemut" {Dex+4}
 14243 | Gauntlet | Noticed a minotaur
 14267 | Gauntlet | HP: 4/96 [minotaur/the +7 demon trident of Bread {vamp,
                  | *Slow rF+ SInv Stlth+} (12)]
 14268 | Gauntlet | Reached skill level 12 in Fighting
 14268 | Gauntlet | Reached XP level 13. HP: 4/75 MP: 0/27
 14268 | Gauntlet | Slain by a minotaur

Illustrated notes

Levels and vault maps discovered:
D:1:      minmay_arrival_split_and_join, layout_loops_ring,
          chequers_ecumenical_altar_simple_redux
D:2:      layout_rooms, basic_altar, serial_bayou_crossing
D:3:      layout_loops_ring, elyvilon_altar_5, grunt_ministairs_8,
          minmay_box_of_dots, uniq_sigmund
D:4:      minmay_skewed_foursquare, layout_basic, uniq_pikel
D:5:      layout_loops_ring, trog_wizard, serial_shops, shop,
          nicolae_shop_rolled_up, nicolae_shop_stone, minmay_misc_feat_plants,
          kennysheep_nub, uniq_edmund, uniq_duvessa
D:6:      layout_loops_cross, enter_ossuary_3, lightli_church_of_beogh,
          uniq_maggie
D:7:      layout_basic, minmay_temple_entry_offerings,
          gammafunk_ghost_necromancy, uniq_prince_ribbit1
D:8:      layout_rooms, dk_yredelemnul_ordeal, enter_bailey_4
D:9:      nzn_winding_woodlands_stair_cross [nzn_winding_woodlands_5x15_crooked,
          nzn_winding_woodlands_center_garden, nzn_winding_woodlands_5x15_twine,
          nzn_winding_woodlands_5x5_closed_star,
          nzn_winding_woodlands_5x5_open_star,
          nzn_winding_woodlands_5x15_pockets,
          nzn_winding_woodlands_center_lodge,
          nzn_winding_woodlands_5x15_lazy_stream], layout_small_grid,
          erik_lair_island, serial_shops, nicolae_square_shop
Temple:   nicolae_temple_superstar
Lair:1:   layout_small_grid
Lair:2:   layout_cave_pods, nicolae_swamp_entry_spooky, serial_forest,
          infiniplex_forest_end_3, infiniplex_forest_lined_4_way,
          infiniplex_forest_lined_room_2, infiniplex_forest_clump_long,
          infiniplex_forest_lined_corner, infiniplex_forest_zigzag_1,
          gauntlet_entry_generic, pond, uniq_gastronok
Gauntlet: gammafunk_gauntlet_77_escape_option [minmay_gauntlet_arena_77_mess,
          minmay_gauntlet_arena_77_broken_ladder,
          minmay_gauntlet_arena_77_mirror, minmay_gauntlet_arena_77_two_lines,
          minmay_gauntlet_arena_77_path, gauntlet_exit_green]

Skill      XL: |  1  2  3  4  5  6  7  8  9 10 11 12 |
---------------+-------------------------------------+-----
Dodging        | 2 3 4 5 |  5.9
Stealth        | 4 5 6 8 9 |  9.1
Fighting       | 1 2 3 5 6 12 | 12.2
Spellcasting   | 3 4 5 6 7 9 |  9.2
Translocations | 1 2 3 |  3.8
Short Blades   | 1 2 3 4 5 |  5.6
Necromancy     | 5 6 7 8 |  8.3
Fire Magic     | 1 2 3 4 5 |  5.3
Ice Magic      | 2 3 4 5 6 |  6.1
Conjurations   | 1 3 4 |  4.6
Transmutations | 1 3 4 |  4.3
Throwing       | 1 |  1.8
Polearms       | |  0.4
Evocations     | |  0.6

Action                     |  1- 3 |  4- 6 |  7- 9 | 10-12 | 13-15 || total
---------------------------+-------+-------+-------+-------+-------++-------
  Melee: Spear             |    24 |       |       |       |       ||    24
         Bite              |    30 |    53 |   220 |   191 |       ||   494
         Punch             |     1 |     2 |     7 |     7 |       ||    17
         Dagger            |   110 |   177 |   676 |   468 |       ||  1431
  Throw: Boomerang         |       |     3 |    10 |    20 |       ||    33
         Dart              |       |       |       |    10 |       ||    10
   Cast: Vampiric Draining |     1 |     8 |    19 |    25 |       ||    53
         Scorch            |       |       |     5 |     2 |       ||     7
         Frozen Ramparts   |       |       |       |    38 |       ||    38
         Blink             |       |       |       |     1 |       ||     1
  Evoke: Wand              |       |       |       |     4 |       ||     4
    Use: Scroll            |       |     2 |    13 |     9 |       ||    24
         Potion            |       |     1 |     4 |     8 |       ||    13
   Stab: Sleeping          |    10 |     2 |    11 |     8 |       ||    31
         Distracted        |     1 |     4 |     1 |     3 |       ||     9
 Armour: Robe              |    22 |     8 |   264 |   120 |       ||   414
         Skin              |       |       |       |     2 |       ||     2
  Dodge: Dodged            |    73 |    91 |   415 |   334 |       ||   913
